 Dungeon Crawl Stone Soup version bcrawl-1.39.1 (webtiles) character file.

Game seed: 14304059965615448456

346228 Finalfun the Bludgeoner (level 10, -4/81 HPs)
             Began as a Minotaur Archaeologist on Sept 26, 2023.
             Was an Initiate of Ru.
             Slain by a death yak (5 damage)
             ... on level 8 of the Dungeon.
             The game lasted 00:21:59 (8281 turns).

Finalfun the Bludgeoner (Minotaur Archaeologist)    Turns: 8281, Time: 00:21:59

Health: -4/81      AC: 17    Str: 18      XL:     10   Next: 66%
Magic:  11/12      EV:  7    Int:  9      God:    Ru [......]
Gold:   602        SH:  0    Dex:  8 (10) Spells: 9/9 levels left

rFire    + . .     GDR:     25% a - +1 whip (freeze)
rCold    . . .     SeeInvis .   (no shield)
rNeg     . . .     Gourm    .   l - +0 plate armour
rPois    +         Faith    .   h - +2 hat
rElec    .         Spirit   .   (no cloak)
rCorr    .         Reflect  .   j - +0 pair of gloves
MR       .....                  k - +1 pair of boots
Stlth    ..........             (no amulet)
HPRegen  0.23/turn              t - ring of poison resistance
MPRegen  0.13/turn              c - ring of protection from fire

@: no status effects
A: retaliatory headbutt, horns 2, dopey 1
a: Renounce Religion


You were on level 8 of the Dungeon.
You worshipped Ru.
Ru was noncommittal.
You were near starving.

You visited 1 branch of the dungeon, and saw 8 of its levels.

You collected 602 gold pieces.

Inventory:

Hand Weapons
 a - a +1 whip of freezing (weapon)
 b - a +0 blowgun
 E - a +0 mace of protection
Missiles
 f - 6 curare-tipped needles
 m - 425 poisoned needles
 q - 924 stones
 s - 310 poisoned tomahawks (quivered)
Armour
 h - a +2 hat (worn)
 j - a +0 pair of gloves (worn)
 k - a +1 pair of boots (worn)
 l - a +0 plate armour (worn)
Jewellery
 c - a ring of protection from fire (right hand)
 t - a ring of poison resistance (left hand)
Wands
 u - a wand of polymorph (3)
 y - a wand of digging (11)
 A - a wand of iceblast (4)
 H - a wand of paralysis (6)
Scrolls
 g - 4 scrolls of revelation
 i - a scroll of identify
 o - 2 scrolls of immolation
 p - a scroll of teleportation
 x - a scroll of amnesia
 F - 5 scrolls of remove curse
Potions
 d - a potion of brilliance
 r - a potion of invisibility {unknown}
 v - 3 potions of resistance {unknown}
 w - a potion of agility
 z - a potion of ambrosia
 B - 3 potions of curing
 C - a potion of haste {unknown}
Comestibles
 e - 13 rations {!d}


   Skills:
 - Level 5.0 Fighting
 - Level 18.0 Maces & Flails
 - Level 0.2 Throwing
 - Level 5.0 Armour
 - Level 6.9 Dodging
 - Level 3.0 Stealth
 + Level 4.8 Evocations


You had 9 spell levels left.
You didn't know any spells.
Your spell library contained the following spells:

 Spells                   Type           Power        Failure   Level  Hunger
 Beastly Appendage        Tmut           #.....       100%        1    None
 Passwall                 Tmut/Erth      #.......     100%        2    ####...
 Sticks to Snakes         Tmut           #.......     100%        2    ####...
 Spider Form              Tmut/Pois      #..          100%        3    #####..
 Ice Form                 Ice/Tmut       #.......     100%        4    ######.
 Blade Hands              Tmut           #.........   100%        5    #######


Dungeon Overview and Level Annotations

Branches:
Dungeon (8/12)             Temple (0/1) D:6            Lair (0/6) D:8
    Orc: D:8-11

Altars:
Ru
Sif Muna
Trog
Xom

Shops:
D:5 *!   D:8 [

Annotations:
D:6 1 runed door


Innate Abilities, Weirdness & Mutations

You reflexively headbutt those who attack you in melee.
You have a pair of horns on your head.
You are dopey. (Int -2)


Message History

You kill the death yak!
You feel your dexterity returning.
Your Evocations skill increases to level 4!
Okay, then.
As you read the scroll labeled WUXUIP NOOSS, it crumbles to dust.
It is a scroll of amnesia.
You feel forgetful for a moment. The death yak gores you.
* * * LOW HITPOINT WARNING * * *
Unknown command.
Okay, then.
As you read the scroll labeled ZYROETROVA, it crumbles to dust.
The scroll dissolves into smoke.
It was a scroll of fog.
The death yak gores you but does no damage.
As you read the scroll labeled QAW WEDDYPAHIL, it crumbles to dust.
It is a scroll of enchant weapon.
Your +0 whip of freezing glows red for a moment.
The death yak gores you!
* * * LOW HITPOINT WARNING * * *
The death yak gores you.
You die...

#.......#####.# #.#
#.......# #.# #.# ##
#.......# #.# #.# #.
#.......# #.# #.# #.
#.......# #.#####.# #Y
#.......# #.#.....# #.
#.......# #.....### #.
#####...§#### #.....#####.
#.......§Y@Y# #....(......
#.#.....§##Y####.....#####.
#.#.###...#§§........#####.
#.8.<.∩.8.#..###...........
#.#.###.###..#####.######..
#.#.##.........###.# #.#
#.#.##.............######.#
#....#.####..#............#
#......#.......############


You could see 3 death yaks.

Vanquished Creatures
  3 death yaks (D:8)
  A cyclops (D:8)
  Pikel (D:4)
  A troll (D:8)
  Grinder (D:6)
  3 hippogriffs
  A harpy skeleton (D:8)
  A shadow (D:4)
  Menkaure (D:6)
  Edmund (D:5)
  2 orc warriors (D:6)
  An ice beast (D:6)
  A black bear (D:5)
  A sky beast (D:5)
  A phantom (D:5)
  An ogre (D:8)
  A wyvern skeleton (D:8)
  3 scorpions
  A water moccasin skeleton (D:5)
  5 killer bees
  4 wights (D:7)
  An orc priest (D:8)
  2 howler monkeys
  A crimson imp (D:5)
  6 hounds
  A quasit (D:8)
  2 jellies
  3 orc wizards
  Jessica (D:2)
  Ijyb (D:4)
  3 worker ants
  A hound skeleton (D:7)
  2 howler monkey zombies
  A howler monkey skeleton (D:4)
  7 adders
  An ooze (D:4)
  3 adder skeletons
  A worm (D:2)
  A dart slug (D:3)
  3 leopard geckos
  24 orcs
  A giant cockroach (D:1)
  7 goblins
  7 hobgoblins
  5 jackals
  2 quokkas
  4 bats
  5 frilled lizards
  7 kobolds
  A quokka skeleton (D:5)
  4 rats
  A fungus (D:6)
144 creatures vanquished.

Vanquished Creatures (others)
  A slave (D:4)
  A scorpion (D:4)
  A killer bee zombie (D:4)
  An adder skeleton (D:4)
  A leopard gecko (D:4)
5 creatures vanquished.

Grand Total: 149 creatures vanquished

Notes
Turn   | Place    | Note
-------+----------+-------------------------------------------
     0 | D:1      | Finalfun the Minotaur Archaeologist began the quest for the
                  | Orb.
     0 | D:1      | Reached XP level 1. HP: 16/16 MP: 0/0
   219 | D:1      | Reached XP level 2. HP: 22/23 MP: 1/1
   523 | D:1      | Reached skill level 1 in Armour
  1036 | D:2      | Noticed Jessica
  1056 | D:2      | Killed Jessica
  1057 | D:2      | Reached XP level 3. HP: 29/29 MP: 2/2
  1716 | D:3      | Reached XP level 4. HP: 35/36 MP: 3/3
  2146 | D:4      | Noticed Pikel
  2146 | D:4      | Noticed a slave
  2146 | D:4      | Noticed a slave
  2147 | D:4      | Noticed a slave
  2147 | D:4      | Noticed a slave
  2186 | D:4      | Killed Pikel
  2187 | D:4      | Reached XP level 5. HP: 23/46 MP: 4/4
  2187 | D:4      | Reached XP level 6. HP: 26/52 MP: 5/5
  2187 | D:4      | Reached XP level 7. HP: 29/59 MP: 6/6
  2187 | D:4      | Identified a scroll of acquirement
  2370 | D:4      | Reached skill level 2 in Maces & Flails
  2531 | D:4      | Reached skill level 3 in Maces & Flails
  2575 | D:4      | Noticed Ijyb
  2590 | D:4      | Reached skill level 4 in Maces & Flails
  2603 | D:4      | Killed Ijyb
  2789 | D:4      | Found a shimmering blue altar of Sif Muna.
  2955 | D:4      | Reached skill level 5 in Maces & Flails
  3341 | D:5      | Entered Level 5 of the Dungeon
  3344 | D:5      | Noticed a shadow
  3364 | D:4      | Killed a shadow
  3365 | D:4      | Reached skill level 7 in Maces & Flails
  3473 | D:5      | Reached skill level 8 in Maces & Flails
  3494 | D:5      | Reached skill level 9 in Maces & Flails
  3497 | D:5      | Reached XP level 8. HP: 55/66 MP: 7/7
  3515 | D:5      | Reached skill level 10 in Maces & Flails
  3580 | D:5      | Noticed Edmund
  3613 | D:5      | Killed Edmund
  3852 | D:5      | Reached skill level 11 in Maces & Flails
  4144 | D:5      | Found Bumiroj's Assorted Antiques.
  4249 | D:5      | Found Dinur's Distillery.
  4349 | D:6      | Found a sacrificial altar of Ru.
  4367 | D:6      | Became a worshipper of Ru the Awakened
  4399 | D:6      | Reached skill level 12 in Maces & Flails
  4426 | D:6      | Noticed Menkaure
  4441 | D:6      | Noticed Grinder
  4651 | D:6      | Killed Grinder
  4652 | D:6      | Reached skill level 13 in Maces & Flails
  4761 | D:6      | Reached skill level 14 in Maces & Flails
  4790 | D:6      | Found a runed door.
  4862 | D:6      | Noticed a hippogriff
  4865 | D:6      | Killed Menkaure
  4866 | D:6      | Reached XP level 9. HP: 71/71 MP: 8/8
  4960 | D:6      | Reached skill level 15 in Maces & Flails
  5279 | D:6      | Found a staircase to the Ecumenical Temple.
  5546 | D:6      | Reached skill level 16 in Maces & Flails
  5644 | D:7      | Found a shimmering altar of Xom.
  5985 | D:7      | Gained mutation: You are dopey. (Int -2) [Ru sacrifice]
  6396 | D:7      | Reached skill level 17 in Maces & Flails
  6424 | D:7      | Found a bloodstained altar of Trog.
  6650 | D:8      | Found Kiol's Antique Armour Shoppe.
  6695 | D:8      | Noticed a troll
  6711 | D:8      | HP: 2/71 [troll (12)]
  6718 | D:8      | Killed a troll
  6986 | D:8      | Reached XP level 10. HP: 79/79 MP: 9/9
  7041 | D:8      | Noticed a cyclops
  7167 | D:8      | Killed a cyclops
  7476 | D:8      | Noticed a death yak
  7492 | D:8      | Noticed a death yak
  7497 | D:8      | Noticed a death yak
  7499 | D:8      | Noticed a death yak
  7659 | D:8      | Found a staircase to the Lair.
  7661 | D:8      | Noticed a death yak
  7713 | D:8      | Killed a death yak
  7714 | D:8      | Reached skill level 18 in Maces & Flails
  7714 | D:8      | Reached skill level 5 in Armour
  7853 | D:8      | Reached skill level 5 in Fighting
  7909 | D:8      | Killed a death yak
  8152 | D:8      | Noticed a death yak
  8253 | D:8      | Noticed a death yak
  8278 | D:8      | Killed a death yak
  8281 | D:8      | HP: 1/81 [death yak (8)]
  8281 | D:8      | Slain by a death yak

Skill      XL: |  1  2  3  4  5  6  7  8  9 10 |
---------------+-------------------------------+-----
Stealth        | 3 |  3.0
Armour         | 1 2 4 5 |  5.0
Dodging        | 4 6 |  6.9
Fighting       | 2 4 5 |  5.0
Maces & Flails | 9 14 17 18 | 18.0
Evocations     | 4 |  4.8
Throwing       | |  0.2

Action                   |  1- 3 |  4- 6 |  7- 9 | 10-12 || total
-------------------------+-------+-------+-------+-------++-------
Melee: Whip              |    76 |    54 |   486 |    73 ||   689
       Headbutt          |     9 |     5 |    76 |    14 ||   104
       Unarmed           |       |       |    10 |       ||    10
 Fire: Blowgun           |     7 |       |     9 |       ||    16
Throw: Stone             |       |       |    10 |       ||    10
       Tomahawk          |       |       |    23 |    48 ||    71
Invok: Sacrifice Purity  |       |       |     1 |       ||     1
  Use: Scroll            |     1 |     4 |    10 |     5 ||    20
       Potion            |       |     1 |     4 |     1 ||     6
 Stab: Sleeping          |     4 |       |       |       ||     4
  Eat: Chunk             |     5 |     1 |    21 |       ||    27
       Ration            |       |       |     1 |     1 ||     2
Armor: Robe              |    17 |       |       |       ||    17
       Skin              |       |    21 |       |       ||    21
       Scale mail        |       |    14 |    94 |       ||   108
       Plate armour      |       |       |    88 |    31 ||   119
Dodge: Dodged            |    48 |    10 |   163 |    11 ||   232
